TOP OF THE 1ST |
Northern Virginia Rainbow Mermaids batting - Pitching for Ft. Worth Cattlemen : RHP Robbie Betchley
|
Pitching: RHP Robbie Betchley
|
|
Batting: LHB José Rodríguez
|
0-0: Ball 1-0: Foul Ball, location: 2F 1-1: Swinging Strike 1-2: Ball 2-2: Ball 3-2: Foul Ball, location: 2F 3-2: Strikes out swinging
|
Batting: RHB Daniel McCoy
|
0-0: Foul Ball, location: 2F 0-1: Ball 1-1: Ball 2-1: Foul Ball, location: 2F 2-2: Ball 3-2: Fly out, F6 (Line Drive, 6, EV 62.5 MPH)
|
Batting: LHB Jason Schneider
|
0-0: Ground out U3 (Groundball, 3, EV 100.6 MPH)
|
Top of the 1st over - 0 runs, 0 hits, 0 errors, 0 left on base; Northern Virginia 0 - Ft. Worth 0 |
BOTTOM OF THE 1ST |
Ft. Worth Cattlemen batting - Pitching for Northern Virginia Rainbow Mermaids : RHP Ricardo García
|
Pitching: RHP Ricardo García
|
|
Batting: RHB Tony Romero
|
0-0: Ball 1-0: Ball 2-0: Ball 3-0: Called Strike 3-1: Base on Balls
|
Batting: RHB Bart Lewis
|
0-0: Ball Tony Romero is caught stealing 2nd base 2-4 1-0: Foul Ball, location: 2F 1-1: DOUBLE (Line Drive, 78D, EV 107.5 MPH)
|
Batting: LHB Craig Woods
|
0-0: Ball 1-0: Foul Ball, location: 2F 1-1: Foul Ball, location: 2F 1-2: Strikes out swinging
|
Batting: LHB Glen Allen Mixon
|
0-0: Foul Ball, location: 2F 0-1: Ball 1-1: Fly out, F8 (Flyball, 8LS, EV 86.2 MPH)
|
Bottom of the 1st over - 0 runs, 1 hit, 0 errors, 1 left on base; Northern Virginia 0 - Ft. Worth 0 |
TOP OF THE 2ND |
Northern Virginia Rainbow Mermaids batting - Pitching for Ft. Worth Cattlemen : RHP Robbie Betchley
|
Batting: RHB Zahid Kashani
|
0-0: Called Strike 0-1: Swinging Strike 0-2: Ball 1-2: Foul Ball, location: 2F 1-2: Ball 2-2: Strikes out swinging, 2-3 out at first.
|
Batting: LHB César Gómes
|
0-0: Ball 1-0: Foul Ball, location: 2F 1-1: SINGLE (Flyball, 78M, EV 96.9 MPH)
|
Batting: RHB Eric Deweese
|
0-0: Ball César Gómes is caught stealing 2nd base 2-4 1-0: Called Strike 1-1: Fly out, F9 (Flyball, 9LS, EV 86.2 MPH)
|
Top of the 2nd over - 0 runs, 1 hit, 0 errors, 0 left on base; Northern Virginia 0 - Ft. Worth 0 |
BOTTOM OF THE 2ND |
Ft. Worth Cattlemen batting - Pitching for Northern Virginia Rainbow Mermaids : RHP Ricardo García
|
Batting: LHB Semo Hoaloha
|
0-0: Called Strike 0-1: Swinging Strike 0-2: Ball 1-2: Strikes out swinging
|
Batting: RHB Sergio Ortíz
|
0-0: Ball 1-0: Called Strike 1-1: Ball 2-1: Ball 3-1: Foul Ball, location: 2F 3-2: Ground out 6-3 (Groundball, 6, EV 82.5 MPH)
|
Batting: LHB Jesús Morales
|
0-0: Ball 1-0: SINGLE (Flyball, 8RS, EV 86.9 MPH)
|
Batting: RHB Keiran Calleson
|
0-0: Ball 1-0: Ball 2-0: Called Strike 2-1: Fly out, F7 (Flyball, 7D, EV 101.9 MPH)
|
Bottom of the 2nd over - 0 runs, 1 hit, 0 errors, 1 left on base; Northern Virginia 0 - Ft. Worth 0 |
TOP OF THE 3RD |
Northern Virginia Rainbow Mermaids batting - Pitching for Ft. Worth Cattlemen : RHP Robbie Betchley
|
Batting: RHB Tony Calhoun
|
0-0: Swinging Strike 0-1: Ground out 6-3 (Groundball, 6, EV 87.5 MPH)
|
Batting: LHB Rio Mence
|
0-0: Fly out, F8 (Line Drive, 8RD, EV 103.8 MPH)
|
Batting: RHB David Elías
|
0-0: Called Strike 0-1: Ball 1-1: Foul Ball, location: 2F 1-2: Ball 2-2: Strikes out swinging
|
Top of the 3rd over - 0 runs, 0 hits, 0 errors, 0 left on base; Northern Virginia 0 - Ft. Worth 0 |
BOTTOM OF THE 3RD |
Ft. Worth Cattlemen batting - Pitching for Northern Virginia Rainbow Mermaids : RHP Ricardo García
|
Batting: SHB Tsing Guao
|
0-0: Ball 1-0: Ball 2-0: Fly out, F6 (Popup, 6MD, EV 62.5 MPH)
|
Batting: RHB Tony Romero
|
0-0: Called Strike 0-1: SINGLE (Groundball, 4MD, EV 97.5 MPH)
|
Batting: RHB Bart Lewis
|
0-0: Ball Tony Romero is caught stealing 2nd base 2-4 1-0: Fly out, F8 (Flyball, 8LS, EV 76.2 MPH)
|
Bottom of the 3rd over - 0 runs, 1 hit, 0 errors, 0 left on base; Northern Virginia 0 - Ft. Worth 0 |
TOP OF THE 4TH |
Northern Virginia Rainbow Mermaids batting - Pitching for Ft. Worth Cattlemen : RHP Robbie Betchley
|
Batting: LHB José Rodríguez
|
0-0: Ball 1-0: Ball 2-0: Foul Ball, location: 2F 2-1: Swinging Strike 2-2: Foul Ball, location: 2F 2-2: Ball 3-2: Strikes out swinging
|
Batting: RHB Daniel McCoy
|
0-0: Ball 1-0: DOUBLE (Flyball, 7D, EV 106.2 MPH)
|
Batting: LHB Jason Schneider
|
0-0: Ball 1-0: Called Strike 1-1: Foul Ball, location: 2F 1-2: Strikes out swinging
|
Batting: RHB Zahid Kashani
|
0-0: Ball 1-0: Swinging Strike 1-1: Ball 2-1: Ball 3-1: Called Strike 3-2: Base on Balls
|
Batting: LHB César Gómes
|
0-0: Called Strike 0-1: Ball 1-1: Swinging Strike 1-2: Ground out 1-3 (Groundball, 34S, EV 68.8 MPH)
|
Top of the 4th over - 0 runs, 1 hit, 0 errors, 2 left on base; Northern Virginia 0 - Ft. Worth 0 |
BOTTOM OF THE 4TH |
Ft. Worth Cattlemen batting - Pitching for Northern Virginia Rainbow Mermaids : RHP Ricardo García
|
Batting: LHB Craig Woods
|
0-0: Ball 1-0: Ball 2-0: Foul Ball, location: 2F 2-1: Fly out, F9 (Flyball, 8RM, EV 80.6 MPH)
|
Batting: LHB Glen Allen Mixon
|
0-0: Fly out, F8 (Flyball, 8RM, EV 83.1 MPH)
|
Batting: LHB Semo Hoaloha
|
0-0: Ball 1-0: Ball 2-0: Ball 3-0: Called Strike 3-1: Foul Ball, location: 2F 3-2: Strikes out swinging
|
Bottom of the 4th over - 0 runs, 0 hits, 0 errors, 0 left on base; Northern Virginia 0 - Ft. Worth 0 |
TOP OF THE 5TH |
Northern Virginia Rainbow Mermaids batting - Pitching for Ft. Worth Cattlemen : RHP Robbie Betchley
|
Batting: RHB Eric Deweese
|
0-0: Called Strike 0-1: Swinging Strike 0-2: Ball 1-2: Foul Ball, location: 2F 1-2: Strikes out swinging
|
Batting: RHB Tony Calhoun
|
0-0: Foul Ball, location: 2F 0-1: DOUBLE (Flyball, 8RXD, EV 98.8 MPH)
|
Batting: LHB Rio Mence
|
0-0: Ball 1-0: Fly out, F6 (Popup, 6D, EV 69.4 MPH)
|
Batting: RHB David Elías
|
0-0: Foul Ball, location: 2F 0-1: Called Strike 0-2: Ball 1-2: DOUBLE (Flyball, 8RXD, EV 105.6 MPH) Tony Calhoun scores
|
Batting: LHB José Rodríguez
|
0-0: Called Strike 0-1: Ball 1-1: Ball 2-1: Ball 3-1: Called Strike 3-2: Strikes out swinging
|
Top of the 5th over - 1 run, 2 hits, 0 errors, 1 left on base; Northern Virginia 1 - Ft. Worth 0 |
BOTTOM OF THE 5TH |
Ft. Worth Cattlemen batting - Pitching for Northern Virginia Rainbow Mermaids : RHP Ricardo García
|
Batting: RHB Sergio Ortíz
|
0-0: Ball 1-0: Called Strike 1-1: Foul Ball, location: 2F 1-2: Strikes out looking
|
Batting: LHB Jesús Morales
|
0-0: Ball 1-0: Ball 2-0: DOUBLE (Line Drive, 78D, EV 108.1 MPH)
|
Batting: RHB Keiran Calleson
|
0-0: Called Strike 0-1: Ball 1-1: Called Strike Jesús Morales steals 3rd base 1-2: Ground out U3 (Groundball, 34, EV 102.5 MPH) Jesús Morales scores
|
Batting: SHB Tsing Guao
|
0-0: Ground out 4-3 (Groundball, 4, EV 107.5 MPH)
|
Bottom of the 5th over - 1 run, 1 hit, 0 errors, 0 left on base; Northern Virginia 1 - Ft. Worth 1 |
TOP OF THE 6TH |
Northern Virginia Rainbow Mermaids batting - Pitching for Ft. Worth Cattlemen : RHP Robbie Betchley
|
Batting: RHB Daniel McCoy
|
0-0: Ball 1-0: Called Strike 1-1: Called Strike 1-2: Strikes out swinging
|
Batting: LHB Jason Schneider
|
0-0: Ball 1-0: Swinging Strike 1-1: Called Strike 1-2: Foul Ball, location: 2F 1-2: Ball 2-2: Foul Ball, location: 2F 2-2: Ball 3-2: Strikes out swinging
|
Batting: RHB Zahid Kashani
|
0-0: Ball 1-0: Ball 2-0: Called Strike 2-1: Ball 3-1: Called Strike 3-2: DOUBLE (Flyball, 8LXD, EV 94.4 MPH)
|
Pitching: LHP Dan Crowder
|
|
Batting: LHB César Gómes
|
0-0: Ball 1-0: Called Strike 1-1: Ball 2-1: Swinging Strike 2-2: Strikes out swinging
|
Top of the 6th over - 0 runs, 1 hit, 0 errors, 1 left on base; Northern Virginia 1 - Ft. Worth 1 |
BOTTOM OF THE 6TH |
Ft. Worth Cattlemen batting - Pitching for Northern Virginia Rainbow Mermaids : RHP Ricardo García
|
Batting: RHB Tony Romero
|
0-0: Ground out 4-3 (Groundball, 4, EV 95.6 MPH)
|
Batting: RHB Bart Lewis
|
0-0: Ball 1-0: Ball 2-0: Ball 3-0: Base on Balls
|
Batting: LHB Craig Woods
|
0-0: Foul Ball, location: 2F 0-1: Ball 1-1: Foul Ball, location: 2F 1-2: Foul Ball, location: 2F 1-2: Ball 2-2: Foul Ball, location: 2F 2-2: Strikes out swinging
|
Batting: LHB Glen Allen Mixon
|
0-0: Foul Ball, location: 2F 0-1: Ball Wild Pitch! Bart Lewis to second 1-1: Foul Ball, location: 2F 1-2: Ground out 4-3 (Groundball, 34, EV 99.4 MPH)
|
Bottom of the 6th over - 0 runs, 0 hits, 0 errors, 1 left on base; Northern Virginia 1 - Ft. Worth 1 |
TOP OF THE 7TH |
Northern Virginia Rainbow Mermaids batting - Pitching for Ft. Worth Cattlemen : LHP Dan Crowder
|
Batting: RHB Eric Deweese
|
0-0: SINGLE (Flyball, 78S, EV 83.8 MPH)
|
Pitching: RHP Gojong Joseon
|
|
Batting: RHB Tony Calhoun
|
0-0: Bunted foul 0-1: Bunted foul 0-2: Strikes out swinging
|
Batting: LHB Rio Mence
|
0-0: Called Strike 0-1: Foul Ball, location: 2F 0-2: Ball 1-2: Ball 2-2: Foul Ball, location: 2F 2-2: Foul Ball, location: 2F 2-2: Ball 3-2: Foul Ball, location: 2F 3-2: Fly out, F9 (Line Drive, 9, EV 92.5 MPH)
|
Batting: RHB David Elías
|
0-0: Ball 1-0: Ball 2-0: Ball 3-0: Called Strike 3-1: Called Strike 3-2: Base on Balls Eric Deweese to second
|
Batting: LHB José Rodríguez
|
0-0: Called Strike 0-1: Swinging Strike 0-2: Ball 1-2: Ball Wild Pitch! Eric Deweese to third David Elías to second 2-2: Foul Ball, location: 2F 2-2: Foul Ball, location: 2F 2-2: Ball 3-2: Ground out 4-3 (Groundball, 4M, EV 90.6 MPH)
|
Top of the 7th over - 0 runs, 1 hit, 0 errors, 2 left on base; Northern Virginia 1 - Ft. Worth 1 |
BOTTOM OF THE 7TH |
Ft. Worth Cattlemen batting - Pitching for Northern Virginia Rainbow Mermaids : RHP Ricardo García
|
Batting: LHB Semo Hoaloha
|
0-0: Ball 1-0: Swinging Strike 1-1: Ball 2-1: Ball 3-1: Foul Ball, location: 2F 3-2: Strikes out swinging
|
Batting: RHB Sergio Ortíz
|
0-0: Ball 1-0: Ball 2-0: Fly out, F8 (Flyball, 8RXD, EV 94.4 MPH)
|
Batting: LHB Jesús Morales
|
0-0: Ball 1-0: Ground out U3 (Groundball, 3L, EV 95.0 MPH)
|
Bottom of the 7th over - 0 runs, 0 hits, 0 errors, 0 left on base; Northern Virginia 1 - Ft. Worth 1 |
TOP OF THE 8TH |
Northern Virginia Rainbow Mermaids batting - Pitching for Ft. Worth Cattlemen : RHP Gojong Joseon
|
Batting: RHB Daniel McCoy
|
0-0: Foul Ball, location: 2F 0-1: Ball 1-1: Ball 2-1: Foul Ball, location: 2F 2-2: Ball 3-2: Fly out, F8 (Flyball, 8RM, EV 86.2 MPH)
|
Batting: LHB Jason Schneider
|
0-0: Swinging Strike 0-1: Ground out 4-3 (Groundball, 4, EV 101.2 MPH)
|
Batting: RHB Zahid Kashani
|
0-0: Ball 1-0: Swinging Strike 1-1: Called Strike 1-2: Ground out 4-3 (Groundball, 4MS, EV 66.9 MPH)
|
Top of the 8th over - 0 runs, 0 hits, 0 errors, 0 left on base; Northern Virginia 1 - Ft. Worth 1 |
BOTTOM OF THE 8TH |
Ft. Worth Cattlemen batting - Pitching for Northern Virginia Rainbow Mermaids : RHP Ricardo García
|
Batting: RHB Keiran Calleson
|
0-0: Ball 1-0: Foul Ball, location: 2F 1-1: Called Strike 1-2: Foul Ball, location: 2F 1-2: Strikes out swinging
|
Pitching: RHP Yoriyoshi Sugimoto
|
|
Batting: SHB Tsing Guao
|
0-0: Ball 1-0: Ball 2-0: Called Strike 2-1: Foul Ball, location: 2F 2-2: Foul Ball, location: 2F 2-2: Foul Ball, location: 2F 2-2: Ball 3-2: Fly out, F7 (Flyball, 7D, EV 82.5 MPH)
|
Batting: RHB Tony Romero
|
0-0: Called Strike 0-1: Ground out 3-1 (Groundball, 34S, EV 75.6 MPH)
|
Bottom of the 8th over - 0 runs, 0 hits, 0 errors, 0 left on base; Northern Virginia 1 - Ft. Worth 1 |
TOP OF THE 9TH |
Northern Virginia Rainbow Mermaids batting - Pitching for Ft. Worth Cattlemen : RHP Gojong Joseon
|
Pitching: RHP Pedro Valdéz
|
|
Batting: LHB César Gómes
|
0-0: Ground out 4-3 (Groundball, 4, EV 96.9 MPH)
|
Batting: RHB Eric Deweese
|
0-0: Swinging Strike 0-1: Called Strike 0-2: Ball 1-2: Strikes out swinging
|
Batting: RHB Tony Calhoun
|
0-0: Ball 1-0: Ground out 1-3 (Groundball, 34S, EV 74.4 MPH)
|
Top of the 9th over - 0 runs, 0 hits, 0 errors, 0 left on base; Northern Virginia 1 - Ft. Worth 1 |
BOTTOM OF THE 9TH |
Ft. Worth Cattlemen batting - Pitching for Northern Virginia Rainbow Mermaids : RHP Yoriyoshi Sugimoto
|
Batting: RHB Bart Lewis
|
0-0: Called Strike 0-1: Foul Ball, location: 2F 0-2: Strikes out looking
|
Batting: LHB Craig Woods
|
0-0: Swinging Strike 0-1: Ball 1-1: Foul Ball, location: 2F 1-2: Fly out, F7 (Flyball, 7S, EV 83.1 MPH)
|
Batting: LHB Glen Allen Mixon
|
0-0: Hit by Pitch
|
Batting: LHB Semo Hoaloha
|
0-0: Ball 1-0: Ball 2-0: Called Strike 2-1: Foul Ball, location: 2F 2-2: 2-RUN HOME RUN (Flyball, 9LD, EV 102.5 MPH), Distance : 363 ft
|
 |
Wednesday, October 16th, 2019 - OOTP Baseball 20.6 Build 55
|
|